 Dungeon Crawl Stone Soup version 0.28.0-45-g0d030f2227 (webtiles) character file.

Game seed: 12966193227102890938

42 MalarOregon the Skirmisher (level 3, -1/31 HPs)
             Began as a Palentonga Fighter on Apr 19, 2022.
             Slain by a gnoll
             ... wielding a +0 halberd
              (10 damage)
             ... on level 1 of the Dungeon.
             The game lasted 00:01:07 (923 turns).

MalarOregon the Skirmisher (Palentonga Fighter)      Turns: 923, Time: 00:01:07

Health: -1/31      AC:  9    Str: 21    XL:     3   Next: 33%
Magic:  3/3        EV:  7    Int:  8    God:
Gold:   72         SH:  4    Dex:  9    Spells: 2/2 levels left

rFire   . . .      SeeInvis +   a - +0 war axe
rCold   . . .      Faith    .   c - +0 buckler
rNeg    . . .      Spirit   .   b - +0 scale mail
rPois   .          Reflect  .   (no helmet)
rElec   .          Harm     .   g - +2 cloak
rCorr   .          Rampage  .   (no gloves)
Will    .....                   (no barding)
Stlth   ..........              (no amulet)
HPRegen 0.10/turn               (no ring)
MPRegen 0.08/turn               (no ring)

@: no status effects
A: large, rugged brown scales 3, see invisible, deformed body, roll 1, armoured
tail
a: Rolling Charge


You were on level 1 of the Dungeon.
You visited 1 branch of the dungeon, and saw 2 of its levels.

You collected 72 gold pieces.


Innate Abilities, Weirdness & Mutations

You are completely covered in rugged brown scales. (AC +3, +7% HP)
You have supernaturally acute eyesight. (SInv)
Armour fits poorly on your strangely shaped body.
You can roll at nearby foes to attack.
You have a long armoured tail.


   Skills:
 + Level 3.4 Fighting
 + Level 2.5 Axes
 + Level 2.7 Armour
 + Level 2.8 Shields


You had 2 spell levels left.
You didn't know any spells.
Your spell library contained the following spells:

 Spells                   Type           Power      Damage    Failure   Level
 Ensorcelled Hibernation  Hex/Ice        0%         N/A       92%         2
 Spider Form              Tmut/Pois      0%         N/A       99%         3
 Anguish                  Hex/Necr       0%         N/A       100%        4

Inventory:

Hand Weapons
 a - a +0 war axe (weapon)
Armour
 b - a +0 scale mail (worn)
 c - a +0 buckler (worn)
 g - a +2 cloak (worn)
   (You found it on level 1 of the Dungeon)
Potions
 d - a potion of might
 f - a potion of attraction {unknown}
 h - a potion of mutation {!q}

Dungeon Overview and Level Annotations

Branches:
Dungeon (2/15)

Altars:

#.......+..............
#.......#..............
#.......#..............
###.....#..............
#.....#.......#.....#
#.............#......
###...........#......
#...........#......
##.@.>.......#....#.
###..g....######....#.
#.........########....
#................#....
#.....................
#.....................
#.....................
#...##................
#...##.......)..(.....


You could see a gnoll.


Message History

The bat hits you but does no damage.
You closely miss the bat. The bat hits you.
The bat hits you but does no damage. The bat hits you but does no damage.
A bat is nearby!
Found 22 sling bullets.
The bat barely misses you.
You closely miss the bat. The bat hits you but does no damage.
A bat is nearby!
You hit the bat.
You kill the bat!
No target in view!
A hobgoblin is nearby!
A ball python comes into view.
The hobgoblin shouts!
The ball python hisses angrily.
A goblin comes into view. It is wielding a +0 club.
There are monsters nearby!
The goblin shouts!
There are monsters nearby!
You hit the ball python.
You kill the ball python!
You hit the hobgoblin but do no damage.
The hobgoblin hits you but does no damage.
You barely miss the goblin. You hit the hobgoblin but do no damage.
The hobgoblin hits you but does no damage.
The goblin barely misses you. You block the hobgoblin's attack.
You slash the goblin!
You kill the goblin!
You closely miss the hobgoblin.
The hobgoblin hits you but does no damage.
You slash the hobgoblin!
You kill the hobgoblin!
No target in view!
Things that are here:
a +0 club; a ball python corpse Key pressed, stopping explore.
You now have 72 gold pieces (gained 11).
Things that are here:
a +0 club; a hobgoblin skeleton You open the door.
There is an open door here.
Key pressed, stopping explore.
You open the door.
There is an open door here.
Key pressed, stopping explore.
Key pressed, stopping explore.
Things that are here:
a +0 club; a ball python corpse Partly explored, can't reach some places.
Partly explored, can't reach some places.
Partly explored, can't reach some places.
Partly explored, can't reach some places.
Partly explored, can't reach some places.
Unknown command.
There is a stone staircase leading down here.
You climb downwards.
There is a stone staircase leading up here.
As you read the scroll labelled EGOGAKLO QAIMN, it crumbles to dust.
Magic quickly surges around you.
It was a scroll of vulnerability.
As you read the scroll labelled KAHUSTI RASICH, it crumbles to dust.
It is a scroll of identify.
h - a potion of mutation You aren't carrying any scrolls.
Unknown command.
A goblin comes into view. It is wielding a +0 club.
A goblin is nearby!
A goblin is nearby!
A goblin is nearby!
The goblin shouts!
The goblin throws a stone.
You block the stone.
The goblin throws a stone.
The stone hits you but does no damage.
The goblin throws a stone.
The stone hits you but does no damage. The goblin hits you but does no damage.
You barely miss the goblin. You block the goblin's attack.
You slash the goblin!
You kill the goblin!
No target in view!
No target in view!
Things that are here:
a +0 club; 18 stones; a goblin corpse No target in view!
You feel your willpower return.
Key pressed, stopping explore.
No target in view!
Found a stone staircase leading up.
No target in view! 3 gnolls come into view.
The gnoll shouts! x3
There is a stone staircase leading up here.
The gnoll hits you from afar with a +0 halberd.
The gnoll closely misses you.
There is a stone staircase leading up here.
The gnoll hits you with a +0 halberd!
The gnoll hits you from afar with a +0 spear.
You climb upwards.
There is a stone staircase leading down here.
You closely miss the gnoll. The gnoll barely misses you.
The gnoll hits you with a +0 halberd!
* * * LOW HITPOINT WARNING * * *
You barely miss the gnoll. The gnoll hits you with a +0 halberd!
You die...

Action                   || total
-------------------------++-------
Melee: War axe           ||    61
       Tailslap          ||     2
  Use: Scroll            ||     2
Armor: Scale mail        ||    43
Dodge: Dodged            ||    25
Block: Buckler           ||    14

Levels and vault maps discovered:
D:1:      saegor_arrival_fortress, layout_basic
D:2:      minmay_evil_eye, layout_loops_cross, basic_altar, st_stairs_6

Notes
Turn   | Place    | Note
-------+----------+-------------------------------------------
     0 | D:1      | MalarOregon the Palentonga Fighter began the quest for the
                  | Orb.
     0 | D:1      | Reached XP level 1. HP: 19/19 MP: 1/1
   122 | D:1      | Reached XP level 2. HP: 20/25 MP: 2/2
   306 | D:1      | You pick up a book of Dreams and begin reading...
   306 | D:1      | You add the spells Ensorcelled Hibernation, Spider Form and
                  | Anguish to your library.
   620 | D:1      | Reached XP level 3. HP: 31/31 MP: 3/3
   923 | D:1      | Slain by a gnoll

Vanquished Creatures
  A gnoll (D:1)
  3 bats (D:1)
  3 endoplasms (D:1)
  3 giant cockroaches (D:1)
  3 goblins
  5 hobgoblins (D:1)
  2 quokkas (D:1)
  5 ball pythons (D:1)
  A frilled lizard (D:1)
  2 rats (D:1)
28 creatures vanquished.

Table legend:
 A = Non-vault XP
 B = Vault XP
 C = Vault XP percentage of total XP
 D = Non-vault monster count
 E = Vault monster count
 F = Vault count percentage of total count
                 A         B        C        D         E       F
            +---------+---------+-------+---------+---------+-------
      Total |      60 |       0 |   0.0 |      28 |       0 |   0.0
            +---------+---------+-------+---------+---------+-------
        D:1 |      59 |       0 |   0.0 |      27 |       0 |   0.0
        D:2 |       1 |       0 |   0.0 |       1 |       0 |   0.0
            +---------+---------+-------+---------+---------+-------

Illustrated notes

Table legend:
 A = Kills in this place as a percentage of kills in entire the game.
 B = Kills by you in this place as a percentage of kills by you in the entire game.
 C = Kills by friends in this place as a percentage of kills by friends in the entire game.
 D = Other kills in this place as a percentage of other kills in the entire game.
 E = Experience gained in this place as a percentage of experience gained in the entire game.
 F = Experience gained in this place divided by the number of levels of this place that you have seen.
                   A       B       C       D       E      F
               +-------+-------+-------+-------+-------+----------------------
         Total | 100.0 | 100.0 |   N/A |   N/A | 100.0 |  30.0
       Dungeon | 100.0 | 100.0 |   N/A |   N/A | 100.0 |  30.0
               +-------+-------+-------+-------+-------+----------------------

Table legend: (Time is in decaauts)
 A = Elapsed time spent in this place.
 B = Non-inter-level travel time spent in this place.
 C = Inter-level travel time spent in this place.
 D = Time resting spent in this place.
 E = Time spent auto-exploring this place.
 F = Levels seen in this place.
 G = Mean time per level.
                   A        B        C        D        E       F      G
               +--------+--------+--------+--------+--------+-----+--------+
         Total |    948 |    943 |      5 |      0 |    754 |   2 |  474.0 |
       Dungeon |    948 |    943 |      5 |      0 |    754 |   2 |  474.0 |
               +--------+--------+--------+--------+--------+-----+--------+

Top non-repeatable levels by time:
     D:1: 873 daAuts
     D:2: 75 daAuts
